 Seeded DCSS version 0.31-a0-542-gdc2a67831c (webtiles) character file.

Game seed: 3462948736809364276 (custom seed)

233 bmack86 the Chopper (level 5, 0/45 HPs)
             Began as a Minotaur Fighter on Aug 14, 2023.
             Slain by an orc wizard
             ... wielding a +0 dagger
              (2 damage)
             ... on level 3 of the Dungeon.
             The game lasted 00:03:37 (1619 turns).

bmack86 the Chopper (Minotaur Fighter)              Turns: 1619, Time: 00:03:37

Health: 0/45       AC: 11    Str: 23    XL:     5   Next: 75%
Magic:  4/4        EV:  6    Int:  5    God:
Gold:   103        SH:  0    Dex:  9    Spells: 4/4 levels left

rFire   . . .        a - +0 war axe
rCold   . . .        c - +0 buckler
rNeg    . . .        f - +0 plate armour
rPois   .            (helmet restricted)
rElec   .            (no cloak)
rCorr   .            (no gloves)
SInv    .            (no boots)
Will    .....        (no amulet) Stlth
                     (no ring)
HPRegen 0.27/turn    (no ring)
MPRegen 0.09/turn

%: no passive effects
@: confused
A: horns 2, retaliatory headbutt
a: no special abilities


You were on level 3 of the Dungeon.
You visited 1 branch of the dungeon, and saw 3 of its levels.

You collected 103 gold pieces.

Inventory:

Hand Weapons
 a - a +0 war axe (weapon)
Armour
 b - a +0 scale mail
 c - a +0 buckler (worn)
 f - a +0 plate armour (worn)
Jewellery
 o - a ring of fire
Scrolls
 e - 3 scrolls of immolation {unknown}
 h - a scroll of fear {unknown}
 k - a scroll of fog {unknown}
 m - a scroll of identify {unknown}
 n - a scroll of enchant weapon {unknown}
 p - a scroll of teleportation {unknown}
Potions
 d - a potion of might
 g - a potion of haste {unknown}
 i - 2 potions of curing {unknown}
 j - a potion of enlightenment {unknown}
 l - a potion of cancellation {unknown}
 q - a potion of lignification {unknown}


   Skills:
 - Level 3.6 Fighting
 + Level 6.5 Axes
 - Level 3.6 Armour
 - Level 5.0 Shields


You had 4 spell levels left.
You didn't know any spells.
Your spell library contained the following spells:

 Spells                   Type           Power      Damage    Failure   Level
 Sublimation of Blood     Necr           0%         N/A       100%        2
 Hailstorm                Conj/Ice       0%         3d3       100%        3
 Petrify                  Tmut/Erth      0%         N/A       100%        4
 Summon Ice Beast         Ice/Summ       0%         N/A       100%        4
 Irradiate                Conj/Tmut      0%         3d11      100%        5
 Simulacrum               Ice/Necr       0%         N/A       100%        6


Dungeon Overview and Level Annotations

Branches:
Dungeon (3/15)

Altars:
Makhleb


Innate Abilities, Weirdness & Mutations

You have a pair of horns on your head.
You reflexively headbutt those who attack you in melee.


Message History

You barely miss something. Something hits you but does no damage.
You closely miss something. Something hits you but does no damage.
You closely miss something. Your headbutt misses something. Something hits you.
You miss something. Your headbutt misses something.
You block something's attack.
You closely miss something. Something hits you but does no damage.
You miss something. Your headbutt misses something. Something hits you.
You closely miss something. Your headbutt misses something.
Something hits you but does no damage.
You closely miss something. Something hits you but does no damage.
Something hits you.
You barely miss something. Something hits you.
You barely miss something. Your headbutt misses something.
Something hits you but does no damage.
You hit something. Something hits you but does no damage.
You barely miss something. Something hits you but does no damage.
You barely miss something.
You hear some strange, mumbled words.
A puff of flame appears from out of thin air!
The puff of flame hits you but does no damage.
You hear some strange, mumbled words.
A puff of flame appears from out of thin air!
The puff of flame hits you!
* * * LOW HITPOINT WARNING * * *
You closely miss something. Your headbutt misses something.
Something hits you but does no damage.
You miss something. Your headbutt misses something. Something hits you.
* * * LOW HITPOINT WARNING * * *
You barely miss something.
You hear some strange, mumbled words.
You are confused.
You closely miss something. Something hits you but does no damage.
You bump into the rock wall.
Something completely misses you.
You bump into the rock wall.
Something hits you but does no damage.
You bump into the rock wall.
Something hits you.
* * * LOW HITPOINT WARNING * * *
You barely miss something. Something hits you.
* * * LOW HITPOINT WARNING * * *
Something hits you.
You die...

##......### ######..#
##.# #############.###
..#..............
#.#.##########.##
#[#..............
######.#..#######.#...
#..o{@.#.....<..#.#.##
#.####.#...##.#.#.#.#.
#.####)#...##.#.#.#...
#..........##.#.#.#.##
########.#.##.#.#.#.(.
...#.##.#.#....)
#####.##.......##
#.####.#...#
#.#....#.#.#


You could see an orc.

Vanquished Creatures
  Sigmund (D:3)
  An adder (D:2)
  A worm (D:3)
  A dart slug (D:1)
  4 orcs (D:3)
  3 endoplasms
  4 giant cockroaches
  4 goblins (D:1)
  2 hobgoblins
  3 jackals (D:1)
  9 ball pythons
  9 bats
  2 frilled lizards (D:1)
  8 kobolds
  5 rats (D:1)
57 creatures vanquished.

Notes
Turn   | Place    | Note
-------+----------+-------------------------------------------
     0 | D:1      | bmack86 the Minotaur Fighter began the quest for the Orb.
     0 | D:1      | Reached XP level 1. HP: 19/19 MP: 0/0
    69 | D:1      | Reached skill level 3 in Axes
    87 | D:1      | Reached XP level 2. HP: 21/26 MP: 1/1
   261 | D:1      | Reached XP level 3. HP: 27/31 MP: 2/2
   760 | D:2      | Found a burning altar of Makhleb.
   800 | D:2      | Reached skill level 4 in Axes
  1071 | D:2      | Found a faded altar of an unknown god.
  1380 | D:3      | Noticed Sigmund
  1386 | D:3      | Killed Sigmund
  1387 | D:3      | Reached skill level 6 in Axes
  1387 | D:3      | Reached skill level 5 in Shields
  1387 | D:3      | Reached XP level 4. HP: 39/39 MP: 3/3
  1387 | D:3      | Reached XP level 5. HP: 45/45 MP: 4/4
  1619 | D:3      | HP: 2/45 [something (3)]
  1619 | D:3      | Slain by an orc wizard

Illustrated notes

Levels and vault maps discovered:
D:1:      mushboom_english_gardens, layout_rooms, minmay_tromino_v4_b
D:2:      layout_loops_corners, basic_altar, ebering_ecumenical_altar_mist
D:3:      layout_basic, lemuel_blue_sif_altar, nicolae_hepliaklqana_hippocampus,
          uniq_terence, uniq_sigmund

Skill      XL: |  1  2  3 |
---------------+----------+-----
Axes           | 3 6 |  6.5
Shields        | 4 5 |  5.0
Fighting       | |  3.6
Armour         | |  3.6

Action                     |  1- 3 |  4- 6 || total
---------------------------+-------+-------++-------
  Melee: War axe           |    91 |    39 ||   130
         Headbutt          |    11 |     4 ||    15
 Armour: Plate armour      |    71 |    27 ||    98
         Scale mail        |     3 |       ||     3
  Dodge: Dodged            |    39 |    10 ||    49
  Block: Buckler           |    29 |     4 ||    33

Table legend: (Time is in decaauts)
 A = Elapsed time spent in this place.
 B = Non-inter-level travel time spent in this place.
 C = Inter-level travel time spent in this place.
 D = Time resting spent in this place.
 E = Time spent auto-exploring this place.
 F = Levels seen in this place.
 G = Mean time per level.
                   A        B        C        D        E       F      G
               +--------+--------+--------+--------+--------+-----+--------+
         Total |   1656 |   1598 |     58 |      0 |   1087 |   3 |  552.0 |
       Dungeon |   1656 |   1598 |     58 |      0 |   1087 |   3 |  552.0 |
               +--------+--------+--------+--------+--------+-----+--------+

Top non-repeatable levels by time:
     D:2: 869 daAuts
     D:1: 524 daAuts
     D:3: 262 daAuts
